AoeStats
← Bonea

African Clearing

503995309Analyzed
4v4 RM · 28d ago on Sep 3, 2026· 52m 9s· 8 players
Game mode
Random Map
Map size
Large (8 player)
Population
200
Speed
Normal
Resources
Standard
Victory
Conquest
Starting age
Dark Age
Ending age
Imperial Age
RankedLock teamsTeams togetherTeam positionsShared explorationLock speedFull tech treeHidden civsTurbo modeCheats
Victory
Defeat
1255
+13
🇨🇳 Vietnamese · China
1248
+13
🇨🇳 Koreans · China
1247
+13
🇹🇼 Sicilians · Taiwan
1236
+13
🇩🇪 Malay · Germany
1235
-16
🇨🇳 Franks · China
1161
-12
🇷🇺 Italians · Russia
1160
-12
🇨🇳 Mongols · China
1158
-12
chengyenfa
5:19 Loom
13:44 Feudal Age
14:45 Double-Bit Axe
16:55 Town Watch
19:24 Castle Age
18:17 Gold Mining
19:01 Forging
19:03 Bloodlines
19:49 Horse Collar
22:54 Wheelbarrow
23:34 Bow Saw
26:39 Heavy Plow
30:13 Husbandry
30:19 Scale Barding Armor
32:43 Chain Barding Armor
33:22 Hand Cart
36:20 Imperial Age
35:13 Chain Barding Armor
35:42 Gold Shaft Mining
34:58 Stone Mining
35:53 Iron Casting
36:37 Cavalier
38:19 Blast Furnace
37:57 Plate Barding Armor
38:02 Crop Rotation
38:09 Stone Shaft Mining
37:46 Masonry
37:58 Ballistics
38:00 Hauberk
38:16 Conscription
38:32 Hoardings
39:51 Chemistry
38:57 Siege Engineers
42:50 Murder Holes
43:33 Scale Mail Armor
43:24 Fletching
49:23 Bodkin Arrow
50:07 Bracer
灯窝森曾瑞卜药方松滴
5:17 Loom
14:40 Feudal Age
15:44 Town Watch
16:00 Double-Bit Axe
18:29 Castle Age
19:31 Husbandry
19:41 Bloodlines
19:43 Scale Barding Armor
20:17 Bow Saw
24:47 Wheelbarrow
27:20 Horse Collar
33:42 Imperial Age
32:21 Gold Mining
34:15 Chain Barding Armor
33:45 Cavalier
35:09 Heavy Plow
36:06 Plate Barding Armor
37:54 Conscription
37:54 Paladin
42:32 Crop Rotation
44:32 Light Cavalry
47:24 Two-Man Saw
46:49 Hussar
47:24 Elite Magyar Huszar
48:06 Corvinian Army
52:42 Hand Cart
psrycc
3:40 Loom
14:44 Feudal Age
18:20 Stone Mining
20:43 Castle Age
19:34 Double-Bit Axe
20:56 Gold Mining
24:59 Fletching
29:15 Bodkin Arrow
30:18 Bow Saw
39:17 Stone Shaft Mining
43:06 Imperial Age
41:19 Wheelbarrow
41:38 Pikeman
44:10 Conscription
43:20 Halberdier
43:48 Gambesons
44:03 Squires
43:49 Arson
44:47 Ballistics
45:28 Chemistry
44:20 Arrowslits
44:22 Treadmill Crane
45:12 Eupseong
44:34 Elite War Wagon
45:57 Bracer
46:19 Hand Cart
47:31 Two-Man Saw
47:18 Forging
49:35 Horse Collar
Bonea
7:50 Loom
12:47 Feudal Age
17:06 Castle Age
16:01 Double-Bit Axe
15:57 Horse Collar
19:19 Fletching
24:15 Bodkin Arrow
26:17 Wheelbarrow
29:28 Stone Mining
29:29 Gold Mining
29:49 Bow Saw
29:40 Heavy Plow
34:18 Imperial Age
33:03 Hand Cart
32:52 Padded Archer Armor
34:04 Ballistics
33:25 Treadmill Crane
34:43 Leather Archer Armor
35:15 Stone Shaft Mining
34:20 Elite Rattan Archer
35:22 Paper Money
35:28 Bracer
35:59 Ring Archer Armor
37:06 Chemistry
38:22 Thumb Ring
37:38 Elite Skirmisher
38:35 Chatras
39:10 Bombard Tower
38:37 Arrowslits
39:51 Hoardings
39:06 Imperial Skirmisher
39:53 Scale Barding Armor
39:58 Forging
40:39 Coinage
40:09 Caravan
41:59 Banking
42:43 Iron Casting
42:28 Murder Holes
42:55 Chain Barding Armor
46:11 Two-Man Saw
45:42 Crop Rotation
45:41 Caravan
45:51 Guilds
46:18 Plate Barding Armor
45:44 Scale Mail Armor
48:07 Onager
Olli
7:51 Loom
14:47 Feudal Age
19:42 Castle Age
18:20 Double-Bit Axe
20:39 Fishing Lines
22:34 Gillnets
24:48 Bow Saw
27:38 Husbandry
28:40 Scale Barding Armor
28:46 Forging
33:14 Iron Casting
35:14 Imperial Age
33:20 Wheelbarrow
34:01 Elite Battle Elephant
37:11 Elite Skirmisher
37:56 Thumb Ring
41:35 Fletching
42:48 Blast Furnace
45:13 Thumb Ring
45:10 Padded Archer Armor
46:54 Fletching
47:32 Leather Archer Armor
48:32 Arson
48:56 Bodkin Arrow
49:38 Ring Archer Armor
49:38 Ballistics
SCHNOBEL
5:13 Loom
13:41 Feudal Age
18:01 Castle Age
20:52 Wheelbarrow
20:20 Double-Bit Axe
22:44 Gold Mining
26:14 Fletching
26:34 Elite Skirmisher
28:59 Bow Saw
29:39 Bodkin Arrow
31:18 Town Watch
32:25 Thumb Ring
33:17 Ballistics
33:11 Padded Archer Armor
34:09 Hand Cart
35:10 Leather Archer Armor
38:16 Imperial Age
35:41 Stone Mining
38:26 Elite Genoese Crossbowman
39:27 Conscription
39:40 Bracer
40:10 Ring Archer Armor
41:38 Chemistry
42:49 Town Patrol
43:34 Pirotechnia
43:47 Horse Collar
46:43 Two-Man Saw
46:11 Squires
47:28 Hoardings
47:31 Stone Shaft Mining
我帅我坐中
15:47 Feudal Age
20:59 Castle Age
19:34 Fletching
19:58 Double-Bit Axe
20:26 Padded Archer Armor
22:18 Bodkin Arrow
23:17 Loom
23:19 Town Watch
34:59 Horse Collar
42:13 Imperial Age
40:20 Wheelbarrow
41:26 Heavy Plow
41:39 Bow Saw
45:20 Stone Mining
45:21 Gold Mining
lancer
3:36 Loom
14:28 Feudal Age
18:32 Castle Age
18:06 Stone Mining
18:03 Double-Bit Axe
19:39 Wheelbarrow
31:03 Imperial Age
33:47 Conscription
34:27 Cavalier
35:30 Bow Saw
35:39 Husbandry
35:59 Forging
35:54 Scale Barding Armor
37:31 Iron Casting
38:45 Chain Barding Armor
39:46 Paladin
48:45 Hand Cart
48:16 Town Watch
49:22 Plate Barding Armor
49:49 Blast Furnace
Connection lost

Rejoining the realm…

Still unreachable

The connection could not be restored.

Session expired

The server has moved on; the page needs a fresh start.